 Dungeon Crawl Stone Soup version 0.28.0-47-ge53b351184 (webtiles) character file.

Game seed: 16343353336885439567

4 xitpu the Grave Robber (level 1, -1/14 HPs)
             Began as a Demonspawn Necromancer on May 6, 2022.
             Slain by a goblin
             ... wielding a +0 club
              (4 damage)
             ... on level 1 of the Dungeon.
             The game lasted 00:08:22 (924 turns).

xitpu the Grave Robber (Demonspawn Necromancer)      Turns: 924, Time: 00:08:22

Health: -1/14      AC:  2    Str:  8    XL:     1   Next: 58%
Magic:  1/3        EV: 12    Int: 14    God:
Gold:   0          SH:  0    Dex: 13    Spells: 2/4 levels left

rFire   . . .      SeeInvis .   (no weapon)
rCold   . . .      Faith    .   (no shield)
rNeg    . . .      Spirit   .   a - +0 robe
rPois   .          Reflect  .   (no helmet)
rElec   .          Harm     .   (no cloak)
rCorr   .          Rampage  .   (no gloves)
Will    .....                   (no boots)
Stlth   ++........              (no amulet)
HPRegen 0.04/turn               (no ring)
MPRegen 0.08/turn               (no ring)

@: no status effects
A: talons 1, dopey 1, robust 1
a: no special abilities


You were on level 1 of the Dungeon.
You visited 1 branch of the dungeon, and saw 1 of its levels.

Inventory:

Armour
 a - a +0 robe (worn)
Scrolls
 b - a scroll of identify {unknown}


   Skills:
 + Level 1.7 Dodging
 + Level 1.8 Stealth
 + Level 2.0 Spellcasting
 + Level 4.6 Necromancy


You had 2 spell levels left.
You knew the following spells:

 Your Spells              Type           Power      Damage    Failure   Level
a - Pain                  Necr           56%        1d6       3%          1
b - Animate Skeleton      Necr           28%        N/A       3%          1

Your spell library contained the following spells:

 Spells                   Type           Power      Damage    Failure   Level
 Vampiric Draining        Necr           14%        2d7       11%         3
 Animate Dead             Necr           7%         N/A       34%         4
 Agony                    Necr           14%        N/A       69%         5


Dungeon Overview and Level Annotations

Branches:
Dungeon (1/15)

Altars:

Shops:
D:1 :


Innate Abilities, Weirdness & Mutations

You have sharp toenails.
You are dopey. (Int -2)
You are robust. (+10% HP)


Message History

The ball python constricts you.
The endoplasm jiggles.
You escape the ball python's grasp.
The hobgoblin closely misses you.
You closely miss the ball python.
You claw the ball python, but do no damage.
The ball python is moderately wounded.
The ball python misses you. The ball python grabs you.
The ball python constricts you. The hobgoblin barely misses you.
You escape the ball python's grasp.
You barely miss the ball python.
The ball python bites you but does no damage.
The ball python closely misses you.
You hit the ball python but do no damage.
You claw the ball python.
You kill the ball python!
You hit the hobgoblin but do no damage.
The hobgoblin is heavily wounded.
A hobgoblin breaks down the door.
You hit the hobgoblin but do no damage.
The hobgoblin is heavily wounded.
A hobgoblin opens the door.
The goblin hits you with a +0 club. The endoplasm freezes you.
You are frozen.
* * * LOW HITPOINT WARNING * * *
The hobgoblin misses you.
You hit the goblin but do no damage. Your kick misses the goblin.
The goblin misses you. The endoplasm barely misses you.
The hobgoblin closely misses you.
You hit the goblin.
The goblin is moderately wounded.
The goblin hits you with a +0 club.
* * * LOW HITPOINT WARNING * * *
The endoplasm barely misses you.
The hobgoblin hits you but does no damage.
You barely miss the goblin.
The goblin is moderately wounded.
The goblin hits you with a +0 club.
You die...

.#####.... ......!..
.##.....## .........###
....#......# #..#
#....#+### #..# #...[##..
#..# #...J#g# #..#
##...g@.# #..# ##.....#'#
#+###
#..###......##..#..<#
#####..##∩......#+#+#'###
..................##..#
#####...........#+#'###
#..........###..#
#.......#.###'###
#.......###...#


You could see an endoplasm, a hobgoblin and a goblin.

Vanquished Creatures
  2 endoplasms (D:1)
  A ball python (D:1)
  A bat (D:1)
  A rat (D:1)
5 creatures vanquished.

Notes
Turn   | Place    | Note
-------+----------+-------------------------------------------
     0 | D:1      | xitpu the Demonspawn Necromancer began the quest for the
                  | Orb.
     0 | D:1      | Reached XP level 1. HP: 13/13 MP: 3/3
    13 | D:1      | Found Guck's Book Emporium.
   406 | D:1      | Learned a level 1 spell: Animate Skeleton
   427 | D:1      | Gained mutation: You are dopey. (Int -2) [potion of
                  | mutation]
   427 | D:1      | Gained mutation: You are robust. (+10% HP) [potion of
                  | mutation]
   427 | D:1      | Gained mutation: You have sharp toenails. [potion of
                  | mutation]
   924 | D:1      | Slain by a goblin

Illustrated notes

Levels and vault maps discovered:
D:1:      erik_arrival_triangle_medium, layout_loops_ring, serial_shops, shop

Action                   || total
-------------------------++-------
Melee: Unarmed           ||    22
       Kick              ||     4
 Cast: Pain              ||    10
  Use: Potion            ||     1
Armor: Robe              ||     8
Dodge: Dodged            ||    25
